Map: Dasan Station LE

Players

Fropez

  • Race: Protoss Protoss
  • League: Gold
  • Spawn Location: 12:00

darkknight - Winner!

  • Race: Zerg Zerg
  • League: Gold
  • Spawn Location: 6:00

VOD

Have the link to the VOD?

Description

Time

  • Played on: Nov. 12, 2016, 7:29 p.m.
  • Length: 4:51
Show
View Real Time Build Order
Export as new Build Order

Fropez Protoss 

Build Orders:  

Get SALT Encoding   

  12  0:01  Probe (Chrono Boost)  
  13  0:12  Probe (Chrono Boost)  
  14  0:23  Probe (Chrono Boost)  
  15  0:35  Pylon  
  15  0:41  Assimilator  
  15  0:53  Probe (Chrono Boost)  
  16  1:04  Probe (Chrono Boost), Gateway  
  17  1:08  Gateway  
  17  1:14  Probe (Chrono Boost)  
  18  1:25  Pylon, Probe (Chrono Boost)  
  19  1:35  Probe (Chrono Boost)  
  20  1:40  Pylon  
  20  1:44  Pylon  
  20  1:48  Pylon  
  20  1:50  Pylon  
  20  2:09  Cybernetics Core  
  20  2:15  Probe (Chrono Boost)  
  21  2:23  Nexus  
  21  2:25  Probe (Chrono Boost)  
  22  2:36  Probe (Chrono Boost)  
  23  2:38  Assimilator  
  23  2:45  Warp Gate (Chrono Boost)  
  23  2:46  Probe (Chrono Boost)  
  24  2:54  Pylon  
  25  3:05  Mothership Core (Chrono Boost)  
  26  3:13  Robotics Facility  
  26  3:16  Gateway  
  26  3:23  Probe (Chrono Boost)  
  27  3:34  Probe (Chrono Boost)  
  28  3:38  Pylon, Probe (Chrono Boost)  
  29  3:54  Pylon  
  29  3:56  Probe (Chrono Boost)  
  29  3:57  Probe (Chrono Boost)  
  29  4:01  Warp Prism  
  33  4:07  Probe x2  
  35  4:11  Assimilator  
  35  4:17  Probe  
  35  4:19  Probe  
  37  4:28  Probe  
  38  4:36  Probe  
  39  4:38  Probe  
Show
View Real Time Build Order
Export as new Build Order

darkknight Zerg - Winner!

Build Orders: Hatch First 

Get SALT Encoding   

  12  0:02  Drone  
  13  0:10  Drone  
  14  0:35  Hatchery  
  13  0:39  Extractor  
  12  0:53  Spawning Pool  
  12  0:57  Drone  
  12  1:01  Drone  
  13  1:11  Drone  
  14  1:19  Overlord  
  14  1:34  Overlord  
  14  1:49  Metabolic Boost  
  14  1:53  Queen  
  16  2:06  Zergling x4  
  18  2:19  Zergling x2  
  18  2:20  Zergling x2  
  20  2:23  Zergling x2  
  20  2:29  Zergling x2  
  22  2:30  Zergling x2  
  22  2:35  Zergling x2  
  22  2:36  Zergling x2  
  25  2:45  Zergling x4  
  25  2:47  Zergling x2  
  28  3:02  Zergling x2  
  29  3:07  Zergling x2  
  29  3:10  Zergling x2  
  31  3:16  Zergling x2  
  31  3:17  Zergling x2  
  31  3:19  Zergling x2  
  34  3:34  Zergling x4  
  36  3:35  Overlord  
  36  3:38  Overlord  
  36  3:53  Queen  
  36  3:55  Zergling x4  
  40  3:56  Zergling x2  
  41  4:04  Zergling x2  
  41  4:06  Overlord  
  41  4:09  Zergling x2  
  43  4:11  Zergling x2  
  44  4:22  Zergling x2  
  44  4:23  Zergling x2  
  46  4:29  Overlord  
  46  4:30  Zergling x2  
Tags
 
League
GoldGold
Matchup
PvZ
Replay Pack
From the laptop
Spawn Locations
Cross Positions
Add a new tag
Caveats
  • Supply blocks, unpowered buildings, or Contaminate may cause inaccurate times.
  • Supply counts are checked every 10 seconds.